 Dungeon Sprint DCSS version 0.24-a0-250-g6074511092 (webtiles) character file.

Game seed: 8277853865464523847

313603 Redear the Invulnerable (level 18, 0/279 HPs)
             Began as a Troll Fighter on Apr 15, 2019.
             Was a High Priest of Cheibriados.
             Slain by Antaeus (12 damage)
             ... in the Dungeon (Sprint III: "The Ten Rune Challenge").
             The game lasted 01:04:06 (6565 turns).

Redear the Invulnerable (Troll Fighter)             Turns: 6565, Time: 01:04:06

Health: 0/279      AC: 43    Str: 45    XL:     18   Next: 42%
Magic:  18/36      EV: 36    Int: 31    God:    Cheibriados [*****.]
Gold:   225        SH: 26    Dex: 28    Spells: 3/17 levels left

rFire    + . .     SeeInvis +     - Unarmed
rCold    + + .     Gourm    +   U - +0 large shield {rC+} {rC+}
rNeg     + + +     Faith    .   (armour currently unavailable)
rPois    ∞         Spirit   .   n - +3 hat of Pondering {ponderous, MR+ MP+10 Int+5}
rElec    +         Reflect  .   o - +4 cloak "Nyseis" {*Contam rElec rN+++ SInv}
rCorr    +         Harm     .   (gloves unavailable)
MR       ++...     NoTele   +   (boots unavailable)
Stlth    +++.......             m - amulet of the acrobat
HPRegen  0.96/turn              k - ring of flight (curse) {+Fly}
MPRegen  0.25/turn              u - ring "Hant" {AC+4 Str+4 Int+4}

@: agile, statue-form (expiring), resistant, frozen, very slightly contaminated,
studying Earth Magic, very slow
A: large, unfitting armour, claws 3, talons 1, agile 1, fast metabolism 3,
gourmand, regeneration 1
}: 6/10 runes: decaying, serpentine, golden, iron, icy, bone
a: End Transformation, Bend Time, Temporal Distortion, Slouch, Step From Time,
Renounce Religion, Evoke Flight


You were in the Dungeon.
You worshipped Cheibriados.
Cheibriados was extremely pleased with you.
You were hungry.
You were a stone statue.
You visited 1 branch You collected 2307 gold pieces.
You spent 2082 gold pieces at shops.

Inventory:

Missiles
 j - 8 large rocks
 Z - 14 throwing nets (quivered) {+f}
Armour
 b - a +1 robe of magic resistance {MR+}
 n - the +3 hat of Pondering (worn) {ponderous, MR+ MP+10 Int+5}
   (You took it off Gastronok in the Dungeon)

   It affects your intelligence (+5).
   It affects your resistance to hostile enchantments.
   It affects your magic capacity (+10).
 o - the +4 cloak "Nyseis" (worn) {*Contam rElec rN+++ SInv}
   (You found it in the Dungeon)

   It insulates you from electricity.
   It renders you almost immune to negative energy.
   It lets you see invisible.
   It causes magical contamination when unequipped.
 p - a +2 large shield of reflection {Reflect}
 s - a +2 cloak of poison resistance {rPois}
 J - a +2 robe of the Archmagi (melded)
 K - the +2 cloak of the Thief {+Fog Slay-2 SInv Stlth+}
   (You found it in the Dungeon)

   It affects your accuracy and damage with ranged weapons and melee attacks
   (-2).
   It lets you see invisible.
   It makes you more stealthy.
 O - a scarf of cloud immunity
 P - the -5 hat of the Wild Haggis {+Inv Regen+ rCorr}
   (You found it in the Dungeon)

   It lets you turn invisible.
   It increases your rate of regeneration.
   It provides partial protection from all sources of acid and corrosion.
 U - a +0 large shield of cold resistance (worn) {rC+}
 V - a +0 hat of magic resistance
 W - a scarf of spirit shield
Magical Staves
 x - an uncursed staff of wizardry {unknown}
Jewellery
 a - a +3 ring of protection
 k - a cursed ring of flight (left claw) {+Fly}
 m - an amulet of the acrobat (around neck)
 u - the ring "Hant" (right claw) {AC+4 Str+4 Int+4}
   (You bought it in a shop in the Dungeon)

   [ring of protection]

   It affects your AC (+4).
   It affects your strength (+4).
   It affects your intelligence (+4).
 w - an uncursed ring of ice {rC+ rF-}
 y - the ring "Ituk" {+Inv MR+ Int-3 Dex+2}
   (You found it in the Dungeon)

   [ring of dexterity]

   It affects your intelligence (-3).
   It affects your dexterity (+2).
   It affects your resistance to hostile enchantments.
   It lets you turn invisible.
 A - the ring "Kousavuk" {rCorr rPois Int+3}
   (You found it in the Dungeon)

   [ring of resist corrosion]

   It affects your intelligence (+3).
   It protects you from poison.
 G - the cursed ring "Roij" {rPois Dex-3}
   (You took it off a guardian mummy in the Dungeon)

   [ring of dexterity]

   It affects your dexterity (-3).
   It protects you from poison.
   It has a curse placed upon it.
 L - an uncursed amulet of faith {unknown}
 M - an uncursed ring of see invisible {unknown}
 T - the amulet of Ypunumy {+Rage rF- MP+9 Str+2 Dex+5 Slay+3}
   (You took it off a guardian mummy in the Dungeon)

   [amulet of rage]

   It affects your strength (+2).
   It affects your dexterity (+5).
   It affects your accuracy and damage with ranged weapons and melee attacks
   (+3).
   It makes you vulnerable to fire.
   It affects your magic capacity (+9).
   It lets you go berserk.
 X - a +2 amulet of reflection {unknown}
Wands
 D - a wand of digging (4)
 I - a wand of iceblast (10)
 S - a wand of scattershot (5)
Scrolls
 e - a scroll of holy word
 g - a scroll of torment
 r - a scroll of fear
 t - 5 scrolls of amnesia
 C - 4 scrolls of enchant armour
 N - 6 scrolls of remove curse {@r2}
Potions
 d - 2 potions of mutation {!q}
 l - 4 potions of flight
 v - a potion of lignification
 F - 2 potions of agility {Stlth+ Dex+5 EV+5 | @q4}
 H - 7 potions of haste {@q5}
 Q - 2 potions of curing
 R - 2 potions of resistance {rF+ rC+ rPois rElec rCorr}
Books
 E - a manual of Earth Magic
Miscellaneous
 f - the horn of Geryon
Comestibles
 z - 18 rations


   Skills:
 + Level 21.0 Fighting
 O Level 27 Armour
 + Level 21.0 Dodging
 - Level 15.6 Shields
 + Level 24.1 Unarmed Combat
 - Level 9.1 Translocations
 - Level 10.4 Transmutations
 - Level 12.1 Earth Magic
 - Level 12.3 Invocations


You had 3 spell levels left.
You knew the following spells:

 Your Spells              Type           Power        Failure   Level  Hunger
d - Blink                 Tloc           N/A          1%          2    ###....
e - Lesser Beckoning      Tloc           ######....   1%          3    ####...
m - Mephitic Cloud        Conj/Pois/Air  #.......     26%         3    ####...
Y - Statue Form           Tmut/Erth      ######...    14%         6    #######

Your spell library contained the following spells:

 Spells                   Type           Power        Failure   Level  Hunger
 Apportation              Tloc           ######       1%          1    ##.....
 Shroud of Golubria       Chrm/Tloc      ####......   2%          2    ###....
 Spider Form              Tmut/Pois      ####......   3%          3    ####...
 Infusion                 Chrm           #...         9%          1    ##.....
 Magic Dart               Conj           #...         9%          1    ##.....
 Summon Butterflies       Summ           #.......     9%          1    ##.....
 Call Imp                 Summ           #.......     14%         2    ###....
 Corpse Rot               Necr           N/A          14%         2    ###....
 Searing Ray              Conj           #.....       14%         2    ###....
 Slow                     Hex            #.......     14%         2    ###....
 Song of Slaying          Chrm           #.......     14%         2    ###....
 Sublimation of Blood     Necr           #.........   14%         2    ###....
 Conjure Flame            Conj/Fire      #.......     26%         3    ####...
 Dazzling Spray           Conj/Hex       #.....       26%         3    ####...
 Regeneration             Chrm/Necr      #.........   26%         3    ####...
 Spectral Weapon          Hex/Chrm       #.......     26%         3    ####...
 Tukima's Dance           Hex            #.......     26%         3    ####...
 Leda's Liquefaction      Hex/Erth       #####.....   8%          4    #####..
 Force Lance              Conj/Tloc      ####....     14%         4    #####..
 Alistair's Intoxication  Tmut/Pois      ####....     30%         5    ######.
 Bolt of Magma            Conj/Fire/Erth ####......   43%         5    ######.
 Fulminant Prism          Conj/Hex       #.........   65%         4    #####..
 Iskenderun's Mystic Bla  Conj           #.......     65%         4    #####..
 Iron Shot                Conj/Erth      #####.....   75%         6    #######
 Agony                    Necr           #.......     94%         5    ######.
 Bolt of Draining         Conj/Necr      #.........   94%         5    ######.
 Dispel Undead            Necr           #.......     94%         5    ######.
 Excruciating Wounds      Chrm/Necr      #.........   94%         5    ######.
 Invisibility             Hex            #.......     100%        6    #######
 Shatter                  Erth           ######....   100%        9    #######


Dungeon Overview and Level Annotations

Branches:
Dungeon (1/1)

Altars:
Cheibriados
Dithmenos
Elyvilon
Fedhas
Gozag
Hepliaklqana
Kikubaaqudgha
Makhleb
Nemelex Xobeh
Okawaru
Qazlal
Ru
Sif Muna
Trog
Uskayaw
Vehumet
Wu Jian
Xom
Yredelemnul
Zin
The Shining One
Beogh
Jiyva
Lugonu

Shops:
D %[::?[=[!%}[*!?*(%=}[:[}

Annotations:
D Antaeus


Innate Abilities, Weirdness & Mutations

You are too large for most types of armour.
You have claws for hands.
Your metabolism is lightning-fast.
You like to eat raw meat.
Your natural rate of healing is unusually fast.
((You are covered in fur. (AC +1)))
((You have extremely tough skin. (AC +3)))
You have sharp toenails.
You are agile. (Dex +2)


Message History

Antaeus blocks your attack.
You claw Antaeus, but do no damage.
Antaeus is almost dead.
Antaeus gestures at you. The bolt of lightning hits you! You resist.
* * * LOW HITPOINT WARNING * * *
You take 12 damage, and have 48/279 hp.
Antaeus blocks your attack.
Your kick misses Antaeus.
Antaeus is almost dead.
Antaeus gestures at you. The flash freeze hits you! You partially resist.
* * * LOW HITPOINT WARNING * * *
You are encased in ice.
You take 9 damage, and have 39/279 hp.
Unknown command.
Antaeus blocks your attack. x2
Antaeus is almost dead.
Antaeus hits you!!
* * * LOW HITPOINT WARNING * * *
Antaeus freezes you! You resist.
You die...

..#^^..#*≈≈≈≈,,,,≈≈≈≈*#......((#'
#'#....##°§☼☼°§○≈§§☼§*#.......('.
..#...)##○§≈☼§≈§°°§§,*#........#'
..#.|[.##°..§§☼°°≈○,,*#≈......≈#≈
''#######§°..§≈§§○,,,*#)(....≈)#'
..#.#.##*,°§☼§.§.,,,,*####('####.
.......#*8,,§§°°,,,,8*#..'.....#'
)#############+###############.#.
)...............8(....#...# ##.##
..[............(C(....#...###...#
....[........(.(......'...'......
.............((((.....#...###...#
.........(....((......#...# ##.##
#'#############'##############.#)
§§.#§§.# ###≈≈≈≈≈≈≈≈≈##......#'#)
§.§§...# #('≈###≈≈#####......#.'.
§§§#§..#####≈#.'≈≈#.# #......#[##


You could see Antaeus.

Vanquished Creatures
  Gloorx Vloq (D)
  the Serpent of Hell (D)
  Mara (D)
  Khufu (D)
  Dispater (D)
  Mennas (D)
  5 greater mummies (D)
  Boris (D)
  Xtahua (D)
  Frederick (D)
  Geryon (D)
  Nikola (D)
  A Brimstone Fiend (D)
  2 liches (D)
  An iron giant (D)
  3 Hell Sentinels (D)
  5 Ice Fiends (D)
  Rupert (D)
  A deep elf blademaster (D)
  Frances (D)
  2 sphinxes (D)
  An Executioner (D)
  Gastronok (D)
  Roxanne (D)
  A storm dragon (D)
  2 shadow dragons (D)
  Donald (D)
  4 azure jellies (D)
  3 ghost moths (D)
  A nagaraja (D)
  An iron dragon (D)
  4 war gargoyles (D)
  2 stone giants (D)
  2 vampire knights (D)
  2 deep elf demonologists (D)
  A deep elf annihilator (D)
  2 dire elephants (D)
  A yellow draconian (D)
  A fire dragon (D)
  A yaktaur captain (D)
  7 mummy priests (D)
  2 deep elf high priests (D)
  Erolcha (D)
  2 hell beasts (D)
  A naga warrior (D)
  2 vault guards (D)
  3 anacondas (D)
  A centaur warrior (D)
  3 hydras (D)
  2 iron elementals (D)
  4 dancing weapons (D)
  An ogre mage (D)
  Urug (D)
  4 death yaks (D)
  A shock serpent (shapeshifter) (D)
  2 soul eaters (D)
  2 iron golems (D)
  4 hell knights (D)
  A deep elf knight (D)
  2 sun demons (D)
  3 skeletal warriors (D)
  A shadow wraith (D)
  An anaconda zombie (D)
  A death drake (shapeshifter) (D)
  An orange crystal statue (D)
  A spriggan druid (D)
  A death drake (D)
  A spectral iron dragon (D)
  A swamp dragon (shapeshifter) (D)
  3 kraken simulacra (D)
  A lindwurm (D)
  4 orc knights (D)
  An obsidian statue (D)
  An orc sorcerer (D)
  3 crystal guardians (D)
  3 ugly things (D)
  6 deep elf magi (D)
  A shining eye (shapeshifter) (D)
  2 oklob plants (D)
  2 elephants (D)
  A guardian serpent (D)
  3 black mambas (D)
  4 statues (D)
  3 rust devils (D)
  3 iron troll simulacra (D)
  2 spiny frogs (D)
  8 yaktaurs (D)
  A rime drake (D)
  An anaconda simulacrum (D)
  A komodo dragon (D)
  2 ice devils (D)
  30 guardian mummies (D)
  A queen bee (D)
  2 tyrant leeches (D)
  A hornet (D)
  4 orc high priests (D)
  8 blink frogs (D)
  6 slime creatures (D)
  3 wandering mushrooms (D)
  5 redbacks (D)
  10 shadows (D)
  2 spriggans (D)
  A tarantella (shapeshifter) (D)
  A spatial vortex (D)
  2 nagas (D)
  2 hell hounds (D)
  2 hydra simulacra (D)
  7 water moccasins (D)
  5 orc warriors (D)
  A swamp drake (D)
  A necrophage (D)
  5 two-headed ogres (D)
  A water elemental (D)
  A scorpion (D)
  32 killer bees (D)
  4 electric eels (D)
  A jelly (D)
  14 quasits (D)
  2 orc priests (D)
  A wizard (D)
  An orc wizard (D)
  Jessica (D)
  2 necromancers (D)
  A kobold demonologist (D)
  3 humans (D)
  3 adders (D)
  An ooze (D)
  8 orcs (D)
  2 rats (D)
  2 plants (D)
  2 tentacles (D)
359 creatures vanquished.

Vanquished Creatures (others)
  3 deep elf blademasters (D)
  Chuck (D)
  2 draconian scorchers (D)
  Nessos (D)
  A mummy priest (D)
  3 yaktaur captains (D)
  4 statues (D)
  A glowing orange brain (D)
  A molten gargoyle (D)
  4 yaktaurs (D)
  6 hellions (D)
  4 spriggan defenders (D)
  2 hornets (D)
  7 ball lightnings (D)
  A ballistomycete spore (D)
  40 plants (D)
  9 tentacles (D)
90 creatures vanquished.

Grand Total: 449 creatures vanquished

Notes
Turn   | Place    | Note
-------+----------+-------------------------------------------
     0 | D        | Redear the Troll Fighter began the quest for the Orb.
     0 | D        | Reached XP level 1. HP: 22/22 MP: 0/0
    27 | D        | Noticed Jessica
    37 | D        | Killed Jessica
    37 | D        | Reached skill level 3 in Fighting
    37 | D        | Reached skill level 3 in Dodging
    37 | D        | Reached skill level 3 in Shields
    37 | D        | Reached skill level 3 in Unarmed Combat
    37 | D        | Reached XP level 2. HP: 17/31 MP: 1/1
    37 | D        | Reached XP level 3. HP: 21/37 MP: 2/2
    63 | D        | Noticed a scorpion
    85 | D        | Reached skill level 4 in Unarmed Combat
    89 | D        | Killed a scorpion
    89 | D        | Reached skill level 4 in Fighting
    89 | D        | Reached skill level 4 in Dodging
    89 | D        | Reached skill level 4 in Shields
    89 | D        | Reached XP level 4. HP: 22/49 MP: 3/3
   108 | D        | Gained mutation: You are agile. (Dex +2) [potion of
                  | mutation]
   108 | D        | Gained mutation: You have sharp toenails. [potion of
                  | mutation]
   138 | D        | Killed a hellion
   138 | D        | Killed a hellion
   144 | D        | Noticed a water elemental
   146 | D        | Killed a water elemental
   146 | D        | Reached skill level 5 in Unarmed Combat
   146 | D        | Reached XP level 5. HP: 55/55 MP: 4/4
   161 | D        | Killed a hellion
   162 | D        | Killed a hellion
   170 | D        | Noticed a shadow
   174 | D        | Killed a hellion
   175 | D        | Killed a hellion
   176 | D        | Reached skill level 5 in Fighting
   176 | D        | Reached skill level 5 in Dodging
   176 | D        | Reached skill level 5 in Shields
   180 | D        | Killed a shadow
   180 | D        | Reached skill level 6 in Fighting
   180 | D        | Reached skill level 6 in Dodging
   180 | D        | Reached skill level 6 in Shields
   180 | D        | Reached skill level 7 in Unarmed Combat
   180 | D        | Reached XP level 6. HP: 27/67 MP: 5/5
   208 | D        | Killed a white draconian scorcher
   243 | D        | Killed a white draconian scorcher
   245 | D        | Found a blossoming altar of Fedhas.
   245 | D        | Found a stormy altar of Qazlal.
   245 | D        | Found a snail-covered altar of Cheibriados.
   245 | D        | Found a burning altar of Makhleb.
   245 | D        | Found a shimmering altar of Xom.
   245 | D        | Noticed a spatial vortex
   246 | D        | Found a hazy altar of Hepliaklqana.
   246 | D        | Found an opulent altar of Gozag.
   246 | D        | Found a sparkling altar of Nemelex Xobeh.
   246 | D        | Found a corrupted altar of Lugonu.
   246 | D        | Found a viscous altar of Jiyva.
   248 | D        | Became a worshipper of Cheibriados the Contemplative
   253 | D        | Killed a yaktaur
   269 | D        | Killed a spatial vortex
   284 | D        | Found a basalt altar of Yredelemnul.
   284 | D        | Found a shadowy altar of Dithmenos.
   284 | D        | Found a sacrificial altar of Ru.
   292 | D        | Reached * piety under Cheibriados
   292 | D        | Reached XP level 7. HP: 69/74 MP: 6/6
   309 | D        | Found a hide-covered altar of Uskayaw.
   309 | D        | Found a roughly hewn altar of Beogh.
   309 | D        | Found an iron altar of Okawaru.
   309 | D        | Found a bloodstained altar of Trog.
   309 | D        | Found an ornate altar of the Wu Jian Council.
   309 | D        | Noticed a human
   311 | D        | Noticed a human
   315 | D        | Killed a human
   315 | D        | Reached ** piety under Cheibriados
   315 | D        | Reached skill level 7 in Fighting
   315 | D        | Reached skill level 7 in Dodging
   315 | D        | Reached skill level 7 in Shields
   315 | D        | Reached skill level 8 in Unarmed Combat
   318 | D        | Killed a human
   332 | D        | Found a radiant altar of Vehumet.
   333 | D        | Found a deep blue altar of Sif Muna.
   333 | D        | Found an ancient bone altar of Kikubaaqudgha.
   338 | D        | Reached *** piety under Cheibriados
   376 | D        | Found a glowing silver altar of Zin.
   376 | D        | Found a glowing golden altar of the Shining One.
   376 | D        | Found a white marble altar of Elyvilon.
   377 | D        | Noticed a deep elf mage
   381 | D        | Killed a deep elf mage
   381 | D        | Reached skill level 8 in Fighting
   381 | D        | Reached skill level 8 in Dodging
   381 | D        | Reached skill level 8 in Shields
   381 | D        | Reached skill level 9 in Unarmed Combat
   381 | D        | Reached XP level 8. HP: 86/86 MP: 7/7
   407 | D        | Reached **** piety under Cheibriados
   418 | D        | Noticed a two-headed ogre
   423 | D        | Killed a two-headed ogre
   423 | D        | Reached skill level 10 in Unarmed Combat
   521 | D        | Noticed a two-headed ogre
   521 | D        | Noticed Erolcha
   526 | D        | Killed Erolcha
   526 | D        | Reached ***** piety under Cheibriados
   526 | D        | Reached skill level 9 in Fighting
   526 | D        | Reached skill level 9 in Dodging
   526 | D        | Reached skill level 9 in Shields
   526 | D        | Reached XP level 9. HP: 98/98 MP: 8/8
   531 | D        | Killed a two-headed ogre
   531 | D        | Reached skill level 11 in Unarmed Combat
   555 | D        | Noticed a wandering mushroom
   559 | D        | Noticed a wandering mushroom
   561 | D        | Noticed a wandering mushroom
   567 | D        | Reached ****** piety under Cheibriados
   567 | D        | Reached skill level 1 in Invocations
   575 | D        | Killed a wandering mushroom
   575 | D        | Reached skill level 10 in Fighting
   575 | D        | Reached skill level 10 in Dodging
   575 | D        | Reached skill level 10 in Shields
   579 | D        | Killed a wandering mushroom
   579 | D        | Reached skill level 2 in Invocations
   585 | D        | Noticed a spiny frog
   585 | D        | Noticed a komodo dragon
   585 | D        | Noticed a spiny frog
   590 | D        | Killed a spiny frog
   590 | D        | Reached XP level 10. HP: 108/108 MP: 9/11
   596 | D        | Killed a spiny frog
   596 | D        | Reached skill level 3 in Invocations
   601 | D        | Reached skill level 12 in Unarmed Combat
   615 | D        | Reached skill level 4 in Invocations
   653 | D        | Reached skill level 5 in Invocations
   695 | D        | Noticed a lindwurm
   702 | D        | Killed a lindwurm
   702 | D        | Reached skill level 11 in Fighting
   702 | D        | Reached skill level 11 in Dodging
   702 | D        | Reached skill level 11 in Shields
   764 | D        | Noticed Urug
   771 | D        | Killed Urug
   771 | D        | Reached skill level 13 in Unarmed Combat
   771 | D        | Reached skill level 6 in Invocations
   771 | D        | Reached XP level 11. HP: 76/118 MP: 14/14
   846 | D        | Reached skill level 7 in Invocations
   949 | D        | Noticed Donald
   949 | D        | Noticed Frances
   961 | D        | Killed Donald
   967 | D        | Killed Frances
   967 | D        | Reached skill level 12 in Fighting
   967 | D        | Reached skill level 12 in Dodging
   967 | D        | Reached skill level 12 in Shields
   967 | D        | Reached skill level 8 in Invocations
  1097 | D        | Noticed a yaktaur captain
  1136 | D        | Reached skill level 14 in Unarmed Combat
  1199 | D        | Noticed a yaktaur captain
  1339 | D        | Noticed an orc high priest
  1348 | D        | Noticed an orc sorcerer
  1353 | D        | Noticed an orc knight
  1362 | D        | Killed an orc sorcerer
  1368 | D        | Killed an orc knight
  1384 | D        | Noticed a sun demon
  1385 | D        | Found Tisor's Jewellery Shoppe.
  1391 | D        | Killed an orc high priest
  1421 | D        | Bought a +3 ring of protection for 273 gold pieces
  1421 | D        | Bought an uncursed amulet of the acrobat for 390 gold
                  | pieces
  1446 | D        | Noticed a deep elf knight
  1446 | D        | Noticed a deep elf mage
  1446 | D        | Noticed a deep elf mage
  1446 | D        | Noticed a deep elf mage
  1446 | D        | Noticed a deep elf mage
  1453 | D        | Killed a deep elf mage
  1453 | D        | Reached skill level 9 in Invocations
  1460 | D        | Killed a deep elf knight
  1460 | D        | Reached XP level 12. HP: 133/133 MP: 17/17
  1491 | D        | Noticed a deep elf demonologist
  1586 | D        | Noticed Rupert
  1592 | D        | Killed Rupert
  1592 | D        | Reached skill level 13 in Fighting
  1592 | D        | Reached skill level 13 in Dodging
  1592 | D        | Reached skill level 13 in Shields
  1594 | D        | Killed a deep elf blademaster
  1596 | D        | Killed a deep elf blademaster
  1603 | D        | Noticed a death yak
  1604 | D        | Noticed a death yak
  1610 | D        | Killed a death yak
  1610 | D        | Reached skill level 15 in Unarmed Combat
  1610 | D        | Reached skill level 10 in Invocations
  1610 | D        | Noticed a death yak
  1612 | D        | Killed a death yak
  1613 | D        | Noticed a death yak
  1616 | D        | Killed a death yak
  1623 | D        | Killed a death yak
  1640 | D        | Noticed an azure jelly
  1640 | D        | Noticed an azure jelly
  1641 | D        | Noticed an azure jelly
  1641 | D        | Noticed an azure jelly
  1672 | D        | Killed Nessos
  1680 | D        | Found Buptogosk's Food Shoppe.
  1680 | D        | Found Xecweantell's Antique Armour Boutique.
  1680 | D        | Found Doroeniyll's Book Emporium.
  1703 | D        | Noticed a seven-headed hydra
  1703 | D        | Noticed Xtahua
  1715 | D        | Killed Xtahua
  1715 | D        | Reached skill level 11 in Invocations
  1719 | D        | Killed a ten-headed hydra
  1722 | D        | Killed a deep elf blademaster
  1727 | D        | Got a decaying rune of Zot
  1956 | D        | Killed an azure jelly
  1956 | D        | Reached skill level 16 in Unarmed Combat
  1956 | D        | Reached XP level 13. HP: 142/145 MP: 20/20
  1963 | D        | Killed an azure jelly
  1963 | D        | Reached skill level 14 in Fighting
  1963 | D        | Reached skill level 14 in Dodging
  1963 | D        | Reached skill level 14 in Shields
  1968 | D        | Killed an azure jelly
  1975 | D        | Killed an azure jelly
  1975 | D        | Reached skill level 12 in Invocations
  1985 | D        | Noticed a dire elephant
  1985 | D        | Noticed a dire elephant
  1985 | D        | Noticed Gastronok
  1996 | D        | Killed a dire elephant
  2009 | D        | Killed a dire elephant
  2183 | D        | Killed Gastronok
  2251 | D        | Was placed under penance by Cheibriados
  2305 | D        | Was forgiven by Cheibriados
  2375 | D        | Killed a mummy priest
  2446 | D        | Reached skill level 17 in Unarmed Combat
  2472 | D        | Got an encrusted cloak
  2480 | D        | Identified the +4 cloak "Nyseis" {*Contam rElec rN+++ SInv}
                  | (You found it in the Dungeon)
  2509 | D        | Noticed a fire dragon
  2518 | D        | Killed a fire dragon
  2530 | D        | Reached skill level 15 in Fighting
  2530 | D        | Reached skill level 15 in Dodging
  2530 | D        | Reached skill level 15 in Shields
  2693 | D        | Reached XP level 14. HP: 159/159 MP: 22/22
  2704 | D        | Reached skill level 18 in Unarmed Combat
  2712 | D        | Noticed a lich
  2721 | D        | Killed a lich
  2721 | D        | Reached skill level 2 in Armour
  2748 | D        | Reached skill level 3 in Armour
  2757 | D        | Noticed a sphinx
  2757 | D        | Noticed a sphinx
  2770 | D        | Killed a sphinx
  2770 | D        | Reached skill level 16 in Fighting
  2770 | D        | Reached skill level 16 in Dodging
  2782 | D        | Killed a sphinx
  2782 | D        | Reached skill level 4 in Armour
  2859 | D        | Noticed Chuck
  2865 | D        | Killed Chuck
  2865 | D        | Reached skill level 5 in Armour
  2882 | D        | Noticed Frederick
  2907 | D        | Killed Frederick
  2907 | D        | Reached skill level 6 in Armour
  2907 | D        | Reached skill level 19 in Unarmed Combat
  2934 | D        | Noticed a lich
  2936 | D        | Killed a lich
  2953 | D        | Noticed a shadow dragon
  2953 | D        | Noticed a shadow dragon
  2961 | D        | Reached skill level 7 in Armour
  2973 | D        | Killed a shadow dragon
  2980 | D        | Killed a shadow dragon
  2980 | D        | Reached skill level 17 in Fighting
  2980 | D        | Reached skill level 17 in Dodging
  3082 | D        | Reached skill level 8 in Armour
  3102 | D        | Found Baabrass's Food Emporium.
  3102 | D        | Found Meexzyrgh's Gadget Shop.
  3102 | D        | Found Wasmupea's Assorted Antiques.
  3102 | D        | Found Doeviu's Gadget Shoppe.
  3102 | D        | Found Wuci's Antique Weapon Boutique.
  3102 | D        | Found Sucrapta's Jewellery Emporium.
  3102 | D        | Found Eleruc's Magic Scroll Shoppe.
  3102 | D        | Found Vinluin's Antique Armour Shop.
  3102 | D        | Found Viaggayp's Distillery.
  3102 | D        | Found Ocvazop's Book Emporium.
  3102 | D        | Found Puyreath's General Store.
  3102 | D        | Found Xiwuot's Armour Boutique.
  3135 | D        | Bought a potion of heal wounds for 60 gold pieces
  3135 | D        | Bought a scroll of fear for 42 gold pieces
  3136 | D        | Bought a potion of heal wounds for 50 gold pieces
  3136 | D        | Bought a potion of curing for 30 gold pieces
  3136 | D        | Bought a potion of curing for 30 gold pieces
  3136 | D        | Bought a potion of agility for 40 gold pieces
  3137 | D        | Bought a scroll of identify for 20 gold pieces
  3137 | D        | Bought a scroll of identify for 20 gold pieces
  3137 | D        | Bought a scroll of identify for 20 gold pieces
  3138 | D        | Bought 2 potions of heal wounds for 170 gold pieces
  3140 | D        | Bought a fuming silvery potion for 15 gold pieces
  3142 | D        | Bought a scroll labeled NIWIUDA HIDD for 17 gold pieces
  3154 | D        | Bought the ring "Hant" {AC+4 Str+4 Int+4} for 717 gold
                  | pieces
  3222 | D        | Noticed Mara
  3222 | D        | Noticed a vampire knight
  3230 | D        | Noticed Redear's illusion
  3237 | D        | Killed Mara
  3237 | D        | Reached skill level 9 in Armour
  3237 | D        | Reached skill level 20 in Unarmed Combat
  3237 | D        | Reached XP level 15. HP: 160/174 MP: 23/23
  3262 | D        | Noticed Nikola
  3262 | D        | Noticed a storm dragon
  3270 | D        | Killed Nikola
  3270 | D        | Reached skill level 10 in Armour
  3275 | D        | Killed a storm dragon
  3275 | D        | Reached skill level 18 in Fighting
  3275 | D        | Reached skill level 18 in Dodging
  3371 | D        | Found Unkir's Armour Shoppe.
  3371 | D        | Found Askaul's Food Shop.
  3371 | D        | Found Xounuoz's Gadget Shop.
  3371 | D        | Found Imurupt's Distillery.
  3371 | D        | Noticed Roxanne
  3382 | D        | Killed Roxanne
  3390 | D        | Reached skill level 11 in Armour
  3390 | D        | Reached skill level 21 in Unarmed Combat
  3560 | D        | Learned a level 6 spell: Statue Form
  3575 | D        | Found Qeix's Armour Boutique.
  3578 | D        | Reached skill level 1 in Earth Magic
  3587 | D        | Reached skill level 1 in Transmutations
  3587 | D        | Reached skill level 2 in Earth Magic
  3588 | D        | Reached skill level 2 in Transmutations
  3595 | D        | Reached skill level 3 in Earth Magic
  3598 | D        | Reached skill level 3 in Transmutations
  3598 | D        | Reached skill level 4 in Earth Magic
  3627 | D        | Noticed an Executioner
  3630 | D        | Killed an Executioner
  3630 | D        | Reached skill level 4 in Transmutations
  3630 | D        | Reached skill level 5 in Earth Magic
  3714 | D        | Noticed Geryon
  3721 | D        | Reached skill level 5 in Transmutations
  3721 | D        | Reached skill level 6 in Earth Magic
  3722 | D        | Reached skill level 6 in Transmutations
  3722 | D        | Reached skill level 7 in Earth Magic
  3723 | D        | Reached skill level 8 in Earth Magic
  3728 | D        | Killed Geryon
  3728 | D        | Reached skill level 7 in Transmutations
  3728 | D        | Reached skill level 9 in Earth Magic
  3729 | D        | Reached skill level 8 in Transmutations
  3830 | D        | Noticed Mennas
  4062 | D        | Reached skill level 10 in Earth Magic
  4073 | D        | Found a blossoming altar of Fedhas.
  4095 | D        | Reached skill level 9 in Transmutations
  4141 | D        | Reached skill level 11 in Earth Magic
  4145 | D        | Reached XP level 16. HP: 187/187 MP: 24/24
  4180 | D        | Found Daxzea's Book Shop.
  4180 | D        | Found Koukka's Magic Scroll Shoppe.
  4186 | D        | Reached skill level 10 in Transmutations
  4189 | D        | Reached skill level 12 in Earth Magic
  4192 | D        | Found Waihia Lopo's Antique Armour Boutique.
  4217 | D        | Got a serpentine rune of Zot
  4234 | D        | Learned a level 2 spell: Blink
  4238 | D        | Learned a level 3 spell: Mephitic Cloud
  4242 | D        | Learned a level 3 spell: Lesser Beckoning
  4374 | D        | Noticed a deep elf blademaster
  4378 | D        | Reached skill level 2 in Translocations
  4379 | D        | Identified the +5 halberd of Income {chop, MR+}
  4648 | D        | Reached skill level 3 in Translocations
  4655 | D        | Noticed an Executioner
  4816 | D        | Reached skill level 4 in Translocations
  4817 | D        | Reached skill level 5 in Translocations
  4818 | D        | Reached skill level 6 in Translocations
  4847 | D        | Bought a cursed ring of flight for 188 gold pieces
  4877 | D        | Killed a deep elf blademaster
  4877 | D        | Reached skill level 8 in Translocations
  4927 | D        | Got a shimmering granite ring
  4927 | D        | Got a coiled lapis lazuli ring
  4928 | D        | Identified the Disquisition on Virous Translocation
  5044 | D        | Reached skill level 9 in Translocations
  5147 | D        | Reached skill level 12 in Armour
  5194 | D        | Reached skill level 13 in Armour
  5210 | D        | Reached skill level 14 in Armour
  5232 | D        | Reached skill level 15 in Armour
  5239 | D        | Identified the amulet of Ypunumy {+Rage rF- MP+9 Str+2
                  | Dex+5 Slay+3}
  5243 | D        | Noticed a greater mummy
  5249 | D        | Identified the cursed ring "Roij" {rPois Dex-3}
  5250 | D        | Killed a greater mummy
  5250 | D        | Reached skill level 16 in Armour
  5273 | D        | Identified the +9 short sword of Impeachment {freeze, +Rage
                  | rElec Dex+4}
  5273 | D        | Noticed a greater mummy
  5278 | D        | Killed a greater mummy
  5278 | D        | Reached skill level 17 in Armour
  5282 | D        | Reached skill level 18 in Armour
  5297 | D        | Got a golden rune of Zot
  5462 | D        | Killed Mennas
  5462 | D        | Reached skill level 19 in Armour
  5475 | D        | Noticed Boris
  5484 | D        | Killed Boris
  5484 | D        | Reached skill level 20 in Armour
  5583 | D        | Noticed the Serpent of Hell
  5584 | D        | Noticed a Brimstone Fiend
  5590 | D        | Noticed a shadow dragon
  5591 | D        | Noticed a shadow dragon
  5593 | D        | Killed the Serpent of Hell
  5593 | D        | Reached skill level 22 in Armour
  5593 | D        | Reached XP level 17. HP: 108/195 MP: 25/25
  5596 | D        | HP: 19/253 [Brimstone Fiend/damnation (37)]
  5597 | D        | Killed a Brimstone Fiend
  5768 | D        | Noticed an iron giant
  5772 | D        | Reached skill level 23 in Armour
  5776 | D        | Killed an iron giant
  5820 | D        | Found the +2 cloak of the Thief {+Fog Slay-2 SInv Stlth+}
  5820 | D        | Noticed a Hell Sentinel
  5820 | D        | Noticed a Hell Sentinel
  5820 | D        | Identified the +4 staff of Dispater
  5820 | D        | Noticed Dispater
  5826 | D        | Killed a Hell Sentinel
  5826 | D        | Reached skill level 24 in Armour
  5830 | D        | Killed a Hell Sentinel
  5841 | D        | Killed Dispater
  5841 | D        | Reached skill level 25 in Armour
  5848 | D        | Got an iron rune of Zot
  5973 | D        | Noticed a Hell Sentinel
  5978 | D        | Killed a Hell Sentinel
  5982 | D        | Got a faintly humming hat
  5986 | D        | Identified the -5 hat of the Wild Haggis {+Inv Regen+
                  | rCorr} (You found it in the Dungeon)
  5987 | D        | Identified the ring "Kousavuk" {rCorr rPois Int+3} (You
                  | found it in the Dungeon)
  5988 | D        | Identified the ring "Ituk" {+Inv MR+ Int-3 Dex+2} (You
                  | found it in the Dungeon)
  6045 | D        | Got an ichor-stained hat
  6047 | D        | Identified the +0 hat "Yfule" {Regen+} (You acquired it in
                  | the Dungeon)
  6079 | D        | Reached skill level 26 in Armour
  6103 | D        | Noticed Gloorx Vloq
  6103 | D        | Noticed a greater mummy
  6108 | D        | Killed a greater mummy
  6117 | D        | Killed Gloorx Vloq
  6117 | D        | Reached skill level 27 in Armour
  6147 | D        | Reached skill level 19 in Fighting
  6147 | D        | Reached skill level 19 in Dodging
  6149 | D        | Reached skill level 22 in Unarmed Combat
  6165 | D        | Noticed a greater mummy
  6168 | D        | Noticed Khufu
  6170 | D        | Noticed a greater mummy
  6176 | D        | Killed a greater mummy
  6176 | D        | Reached XP level 18. HP: 163/208 MP: 14/26
  6178 | D        | Killed Khufu
  6178 | D        | Reached skill level 20 in Fighting
  6178 | D        | Reached skill level 20 in Dodging
  6184 | D        | Killed a greater mummy
  6184 | D        | Reached skill level 23 in Unarmed Combat
  6200 | D        | Got a bone rune of Zot
  6254 | D        | Noticed an Ice Fiend
  6263 | D        | Killed an Ice Fiend
  6349 | D        | Noticed an Ice Fiend
  6352 | D        | Killed an Ice Fiend
  6360 | D        | Noticed an Ice Fiend
  6361 | D        | Killed an Ice Fiend
  6379 | D        | Noticed an Ice Fiend
  6383 | D        | Killed an Ice Fiend
  6383 | D        | Reached skill level 24 in Unarmed Combat
  6402 | D        | Noticed an Ice Fiend
  6407 | D        | Killed an Ice Fiend
  6407 | D        | Reached skill level 21 in Fighting
  6407 | D        | Reached skill level 21 in Dodging
  6485 | D        | Noticed Antaeus
  6518 | D        | Got an icy rune of Zot
  6565 | D        | HP: 12/279 [Antaeus (28)]
  6565 | D        | Slain by Antaeus

Levels and vault maps discovered:
D:        dungeon_sprint_mu [sprint_mu_entry_cave, sprint_mu_temple_rooms,
          sprint_mu_d1_spiders, sprint_mu_d2_genie, sprint_mu_d3_branching,
          sprint_mu_orc_legion, sprint_mu_elf_gauntlet, sprint_mu_hive_nellie,
          sprint_mu_lair_fedhas, sprint_mu_vaults_butterflies,
          sprint_mu_slime_circle, sprint_mu_swamp_cave, sprint_mu_snake_twists,
          sprint_mu_blade_basic, sprint_mu_crypt_fortress,
          sprint_mu_tomb_spiral, sprint_mu_vestibule_basic,
          sprint_mu_gehenna_hellfire, sprint_mu_dis_giant,
          sprint_mu_tartarus_statrot, sprint_mu_cocytus_islands, sprint_mu_zot1]

Skill      XL: |  1  2  3  4  5  6  7  8  9 10 11 12 13 14 15 16 17 18 |
---------------+-------------------------------------------------------+-----
Fighting       | 3 4 6 8 9 10 11 12 13 15 17 18 19 21 | 21.0
Dodging        | 3 4 6 8 9 10 11 12 13 15 17 18 19 21 | 21.0
Shields        | 3 4 6 8 9 10 11 12 13 15 | 15.6
Unarmed Combat | 3 4 5 7 9 10 11 13 14 16 17 20 21 22 24 | 24.1
Invocations    | 2 6 9 11 12 | 12.3
Armour         | 9 11 22 27 | 27.0
Earth Magic    | 11 12 | 12.1
Transmutations | 9 10 | 10.4
Translocations | 9 |  9.1

Action                   |  1- 3 |  4- 6 |  7- 9 | 10-12 | 13-15 | 16-18 || total
-------------------------+-------+-------+-------+-------+-------+-------++-------
Melee: Unarmed           |    28 |    26 |    60 |   215 |   366 |   353 ||  1048
       Kick              |       |    16 |    38 |   104 |   219 |   150 ||   527
 Cast: Statue Form       |       |       |       |       |       |    15 ||    15
       Mephitic Cloud    |       |       |       |       |       |     5 ||     5
       Lesser Beckoning  |       |       |       |       |       |     5 ||     5
Invok: Slouch            |       |       |       |     4 |    15 |     6 ||    25
       Bend Time         |       |       |       |     3 |     4 |     1 ||     8
       Step From Time    |       |       |       |       |     1 |     5 ||     6
 Abil: Evoke Flight      |       |       |       |       |       |     8 ||     8
Evoke: Phantom mirror    |       |       |       |       |       |     3 ||     3
  Use: Potion            |       |     2 |       |     2 |    11 |    17 ||    32
       Scroll            |       |       |       |       |     1 |    15 ||    16
 Stab: Sleeping          |     1 |       |     2 |     3 |     3 |     2 ||    11
       Distracted        |       |       |       |       |     2 |     1 ||     3
  Eat: Chunk             |     4 |       |     5 |     8 |    16 |    12 ||    45
       Ration            |       |       |       |       |       |     5 ||     5
Armor: Robe              |     8 |     1 |     2 |    16 |    56 |    13 ||    96
       Skin              |       |       |       |       |       |    55 ||    55
Dodge: Dodged            |     9 |     4 |    21 |   104 |   261 |   189 ||   588
Block: Shield            |     7 |     5 |    22 |   145 |   227 |       ||   406
       Reflection        |       |       |       |     5 |    20 |    43 ||    68
       Large shield      |       |       |       |       |    46 |   354 ||   400

Table legend:
 A = Non-vault XP
 B = Vault XP
 C = Vault XP percentage of total XP
 D = Non-vault monster count
 E = Vault monster count
 F = Vault count percentage of total count
                 A         B        C        D         E       F
            +---------+---------+-------+---------+---------+-------
      Total |     574 |  325935 |  99.8 |       2 |     362 |  99.5
            +---------+---------+-------+---------+---------+-------
          D |     574 |  325935 |  99.8 |       2 |     362 |  99.5
            +---------+---------+-------+---------+---------+-------
